 Dungeon Crawl Stone Soup version 0.18-a0-1120-g03bd624 (webtiles) character file.

352 gorblad the Insei (level 6, -1/52 HPs)
             Began as a Demigod Monk on Jan 17, 2016.
             Slain by an orc
             ... wielding a +0 club
              (2 damage)
             ... on level 5 of the Dungeon.
             The game lasted 00:06:33 (3200 turns).

gorblad the Insei (Demigod Monk)                    Turns: 3200, Time: 00:06:33

Health: -1/52      AC:  3    Str: 14    XL:     6   Next: 12%
Magic:  8/8        EV: 15    Int: 14    God:
Gold:   159        SH:  0    Dex: 22    Spells: 0 memorised, 5 levels left

rFire  . . .     SeeInvis .       - Unarmed
rCold  . . .     Gourm    .     a - +0 robe
rNeg   . . .     Faith    .     (no shield)
rPois  .         Spirit   .     (no helmet)
rElec  .         Dismiss  .     (no cloak)
rCorr  .         Reflect  .     (no gloves)
SustAt +         Harm     .     h - +0 pair of boots
MR     .....                    (no amulet)
Stlth  +++.......               (no ring)
                                (no ring)

@: not resistant to hostile enchantments, fairly stealthy
A: high mp 1, sustain attributes
a: no special abilities


You were on level 5 of the Dungeon.
You were not hungry.

You visited 1 branch of the dungeon, and saw 4 of its levels.

You collected 159 gold pieces.

Inventory:

Armour
 a - a +0 robe (worn)
 h - a +0 pair of boots (worn)
Jewellery
 m - a +3 ring of dexterity
Scrolls
 f - a scroll of identify
 g - 3 scrolls of magic mapping
 i - a scroll of remove curse
 n - 2 scrolls of random uselessness {unknown}
 r - a scroll of enchant armour {unknown}
Potions
 c - 2 potions of lignification {unknown}
 e - a potion of poison {unknown}
 j - a potion of brilliance {unknown}
 k - 2 potions of haste {unknown}
 l - a potion of agility {unknown}
 o - a potion of mutation {unknown}
 p - a potion of berserk rage {unknown}
 q - a potion of heal wounds {unknown}
 s - a potion of ambrosia {unknown}
 u - a potion of curing {unknown}
Comestibles
 b - a bread ration
 d - 2 meat rations
 t - a chunk of flesh


   Skills:
 + Level 3.8 Fighting
 + Level 4.0 Dodging
 + Level 3.3 Stealth
 + Level 4.9 Unarmed Combat


You had 5 spell levels left.
You didn't know any spells.

Dungeon Overview and Level Annotations

Branches:
Dungeon (3/15)


Innate Abilities, Weirdness & Mutations

You have an increased reservoir of magic (+10% MP).
Your attributes are resistant to harm.


Message History

You are too injured to fight recklessly!
You are too injured to fight recklessly!
You are too injured to fight recklessly!
You are too injured to fight recklessly!
You hit the orc priest.
The orc priest is severely wounded.
The orc hits you with a club.
* * * LOW HITPOINT WARNING * * *
The orc priest hits you with a whip.
* * * LOW HITPOINT WARNING * * *
You hit the orc priest.
The orc priest is severely wounded.
The orc hits you with a club.
* * * LOW HITPOINT WARNING * * *
The orc priest hits you with a whip.
* * * LOW HITPOINT WARNING * * *
You barely miss the orc priest.
The orc priest is severely wounded.
The orc hits you with a club.
You die...

######## ## #.#
.......####o#.....
#.#....@).....# #)
###...##.o......#
#.##....####...#####
#.##.##.# ##.##
#.##.##.# .#
#.......# .#
#..#.#### ##+## .#
#.......# ##...## .#
#..###..###...).##
###.#


You could see an orc priest and an orc.

Vanquished Creatures
  The ghost of Chiseanne the Skirmisher, an amateur CeAE (D:3)
  A centaur (D:5)
  2 orc wizards (D:5)
  A statue (D:5)
  3 adders
  2 gnolls (D:3)
  2 giant geckos (D:3)
  11 orcs
  3 bats
  5 giant cockroaches
  8 goblins
  3 hobgoblins
  2 jackals (D:3)
  A giant gecko zombie (D:5)
  2 giant newts
  A jackal zombie (D:5)
  3 kobolds
  4 rats
55 creatures vanquished.

Notes
Turn   | Place    | Note
--------------------------------------------------------------
     0 | D:1      | gorblad the Demigod Monk began the quest for the Orb.
     0 | D:1      | Reached XP level 1. HP: 18/18 MP: 3/3
   752 | D:2      | Reached skill level 4 in Unarmed Combat
   752 | D:2      | Reached XP level 2. HP: 18/25 MP: 4/4
  1416 | D:2      | Reached XP level 3. HP: 2/30 MP: 5/5
  1816 | D:3      | Noticed Chiseanne's ghost (amateur CeAE)
  1833 | D:3      | Killed Chiseanne's ghost
  1833 | D:3      | Reached XP level 4. HP: 11/38 MP: 6/6
  2174 | D:3      | Reached XP level 5. HP: 16/45 MP: 7/7
  2474 | D:3      | You fall through a shaft for 2 floors!
  2474 | D:5      | Entered Level 5 of the Dungeon
  2474 | D:5      | Found a radiant altar of Vehumet.
  2510 | D:5      | Noticed a centaur
  2525 | D:5      | Killed a centaur
  2932 | D:5      | Reached XP level 6. HP: 36/52 MP: 8/8
  3199 | D:5      | HP: 1/52 [orc priest/whip (5)]
  3200 | D:5      | Slain by an orc

Vault maps used:
D:1:      dpeg_arrival_shrine
D:5:      vehumet_statue, first_bread, minmay_misc_feat_square, minivault_4,
          hex_tiny, uniq_duvessa

Action                   |  1- 3 |  4- 6 || total
-------------------------+-------+-------++-------
Melee: Unarmed           |    85 |   143 ||   228
  Use: Scroll            |     8 |       ||     8
       Potion            |     1 |       ||     1
 Stab: Sleeping          |     7 |     7 ||    14
       Distracted        |       |     2 ||     2
  Eat: Chunk             |     1 |     5 ||     6
       Fruit             |     2 |       ||     2
